 Dungeon Crawl Stone Soup version 0.29.0-4-gdea44cf6ec (webtiles) character file.

Game seed: 16246284694127946268

2 qw the Sneak (level 1, -1/14 HPs)
             Began as a Gargoyle Delver on Sept 10, 2022.
             Slain by an orc wizard
             ... wielding a +0 dagger
              (2 damage)
             ... on level 5 of the Dungeon.
             The game lasted 00:00:01 (21 turns).

qw the Sneak (Gargoyle Delver)                        Turns: 21, Time: 00:00:02

Health: -1/14      AC:  5    Str: 15    XL:     1   Next: 30%
Magic:  1/1        EV: 11    Int: 10    God:
Gold:   0          SH:  0    Dex: 11    Spells: 0/0 levels left

rFire   . . .      SeeInvis .   a - +0 hand axe
rCold   . . .      Faith    .   (no shield)
rNeg    + . .      Spirit   .   b - +0 leather armour
rPois   inf        Reflect  .   (no helmet)
rElec   +          Harm     .   (no cloak)
rCorr   .          Rampage  .   (no gloves)
Will    .....                   (no boots)
Stlth   +++.......              (no amulet)
HPRegen 0.04/turn               (no ring)
MPRegen 0.07/turn               (no ring)

@: no status effects
A: sickness immunity, AC +2, negative energy resistance 1, electricity
resistance, torment resistance 1, petrification resistance
a: no special abilities


You were on level 5 of the Dungeon.
You visited 1 branch of the dungeon, and saw 1 of its levels.


Innate Abilities, Weirdness & Mutations

You are immune to sickness and miasma.
Your stone body is resilient. (AC +2)
You are immune to poison.
You resist negative energy. (rN+)
You are resistant to electric shocks. (rElec)
You are resistant to unholy torment.
You are immune to petrification.


   Skills:
 - Level 3.2 Fighting
 + Level 2.0 Axes
 - Level 1.5 Dodging
 - Level 5.4 Stealth


You couldn't memorise any spells.
You didn't know any spells.
Your spell library was empty.

Inventory:

Hand Weapons
 a - a +0 hand axe (weapon)
Armour
 b - a +0 leather armour (worn)
Wands
 g - a wand of digging (3)
Potions
 f - a potion of haste

Dungeon Overview and Level Annotations

Branches:
Dungeon (5/15)
 Temple: D:4-7

Altars:


Message History

The orc wizard hits you but does no damage.
You closely miss the orc wizard.
The orc wizard is moderately wounded.
You closely miss something. You hit the orc.
The orc hits you but does no damage.
The orc wizard gestures at you while chanting.
The puff of flame hits you. Something hits you.
The orc hits you but does no damage.
The orc wizard hits you with a +0 dagger.
You hear some strange, mumbled words.
You are confused.
The orc attacks as you move away! The orc completely misses you.
Something hits you.
The orc wizard casts a spell.
The orc wizard flickers and vanishes!
You're too confused to move!
The orc hits you with a +0 club.
An orc comes into view. It is wielding a +0 whip.
Something hits you but does no damage. The orc attacks as you move away!
The orc misses you.
The orc shouts!
You hit the orc but do no damage.
The orc is moderately wounded.
You hit something. The orc hits you but does no damage.
Something hits you but does no damage. The orc hits you but does no damage.
The adder closely misses you.
You bump into the rock wall.
The adder barely misses you. The orc closely misses you.
Something hits you but does no damage.
You slash the orc!
You kill the orc!
You miss something. You closely miss something. You miss the adder.
You feel less confused. The adder closely misses you. Something hits you.
Something hits you but does no damage.
Your Axes skill increases to level 2!
You hit the adder but do no damage. You miss something.
You barely miss the orc. You hit something.
The adder bites you but does no damage. Something hits you.
You die...

##.# ....## ..#
.....# ...
#.<..##...
##.##...... ##
#..##..... ##.
#...#...
#..##...#.###
#..>....{@{.#
#...?..?So)##
##..........#
#..........#
#.....##....#
#......#.......
##..............
##..............#
..#.............


You could see an adder and an orc.

Vanquished Creatures
  An orc (D:5)
1 creature vanquished.

Vanquished Creatures (others)
  A gnoll (D:5)
1 creature vanquished.

Grand Total: 2 creatures vanquished

Notes
Turn   | Place    | Note
-------+----------+-------------------------------------------
     0 | D:5      | qw the Gargoyle Delver began the quest for the Orb.
     0 | D:5      | Reached XP level 1. HP: 14/14 MP: 1/1
     0 | D:5      | 0 ||| qw: Version: 0.1-a-116-g5d60599
     0 | D:5      | 0 ||| qw: Game counter: 9158
     0 | D:5      | 0 ||| qw: Always use a shield: true
     0 | D:5      | 0 ||| qw: God list: Okawaru
     0 | D:5      | 0 ||| qw: Allow faded altars: false
     0 | D:5      | 0 ||| qw: Do Orc after D:15 true
     0 | D:5      | 0 ||| qw: Do second Lair branch before Depths: true
     0 | D:5      | 0 ||| qw: Lair rune preference: random
     0 | D:5      | 0 ||| qw: Plans: Normal
     0 | D:5      | 0 ||| PLANNING D:1-11
     1 | D:5      | 1 ||| DROPPING scroll of fog.
     2 | D:5      | 2 ||| DROPPING scroll of magic mapping.
     3 | D:5      | 3 ||| DROPPING scroll of fear.
     5 | D:5      | Noticed an orc wizard
     6 | D:5      | Noticed an orc wizard
    20 | D:5      | HP: 1/14 [something (3)]
    21 | D:5      | Slain by an orc wizard

Levels and vault maps discovered:
D:5:      layout_cave_pools, lemuel_flamethrower_2

Skill      XL: |  1 |
---------------+----+-----
Axes           | 2 |  2.0
Fighting       | |  3.2
Dodging        | |  1.5
Stealth        | |  5.4

Action                   || total
-------------------------++-------
Melee: Hand axe          ||     8
Armor: Leather armour    ||    12
Dodge: Dodged            ||     6

Table legend:
 A = Non-vault XP
 B = Vault XP
 C = Vault XP percentage of total XP
 D = Non-vault monster count
 E = Vault monster count
 F = Vault count percentage of total count
                 A         B        C        D         E       F
            +---------+---------+-------+---------+---------+-------
      Total |       3 |       0 |   0.0 |       1 |       0 |   0.0
            +---------+---------+-------+---------+---------+-------
        D:5 |       3 |       0 |   0.0 |       1 |       0 |   0.0
            +---------+---------+-------+---------+---------+-------
